 Dungeon Crawl Stone Soup version 0.21.1-1-g345015f (webtiles) character file.

290235 shakethe the Tortoise (level 20, -5/104 HPs)
             Began as a Gargoyle Fighter on Feb 15, 2018.
             Was the Champion of Okawaru.
             Killed from afar by a starcursed mass (23 damage)
             ... with an accursed screaming
             ... while paralysed by accursed screaming
             ... on level 2 of the Abyss.
             The game lasted 02:38:52 (46039 turns).

shakethe the Tortoise (Gargoyle Fighter)           Turns: 46039, Time: 02:38:53

Health: -5/104     AC: 58    Str: 21      XL:     20   Next: 74%
Magic:  23/23      EV:  2    Int: 14 (17) God:    Okawaru [******]
Gold:   1143       SH:  0    Dex:  7      Spells: 20/24 levels left

rFire    + + +     SeeInvis +   t - +12 lance "Wyrmbane" {slay drac, rPois rF+ rC+ AC+3}
rCold    + + .     Gourm    .   a - +1 buckler {rC+ rF+}
rNeg     + . .     Faith    .   B - +2 crystal plate armour
rPois    ∞         Spirit   .   T - +2 helmet {SInv}
rElec    +         Reflect  .   w - +2 cloak {rF+}
rCorr    +         Harm     .   E - +0 pair of gloves
MR       ++...     Rnd*Tele +   O - +2 pair of boots {run}
Stlth    ..........             k - amulet of regeneration {+regen, !d}
HPRegen  0.67/turn              D - ring of Understanding {MR+ Int+4 Slay+2}
MPRegen  0.18/turn              n - ring of resist corrosion

@: paralysed, flying, quick
A: big wings, clumsy 1, [dopey 2], [frail 2], [low mp 2], negative energy
resistance 1, [screaming 2], electricity resistance, [teleportitis 2],
unbreathing, petrification resistance, [no potion heal 3], rot immunity,
[MP-powered wands], AC +15
}: 2/15 runes: barnacled, gossamer
a: Stop Flying, Heroism, Finesse, Renounce Religion


You were on level 2 of the Abyss.
You worshipped Okawaru.
Okawaru was exalted by your worship.
You were not hungry.

You visited 7 branches of the dungeon, and saw 34 of its levels.
You visited the Abyss 1 time.
You visited 1 bazaar.
You also visited: Labyrinth, Sewer and Volcano.

You collected 3296 gold pieces.
You spent 2153 gold pieces at shops.

Inventory:

Hand Weapons
 t - the +12 lance "Wyrmbane" (weapon) {slay drac, rPois rF+ rC+ AC+3}
   (You found it on level 7 of the Dungeon)

   It affects your AC (+3).
   It protects you from fire.
   It protects you from cold.
   It protects you from poison.
Missiles
 x - 11 throwing nets {=f, !d}
Armour
 a - a +1 buckler of resistance (worn)
   (You found it on level 7 of the Dungeon)
 q - the cursed +0 pair of gloves "Icucuheyqi" {-Tele rC+ Str+7 SInv}
   (You found it on level 1 of the Depths)

   It affects your strength (+7).
   It protects you from cold.
   It lets you see invisible.
   It prevents most forms of teleportation.
   It has a curse placed upon it.
 w - a +2 cloak of fire resistance (worn)
   (You found it in a volcano)
 y - a +1 pair of gloves
   (You found it on level 2 of the Abyss)
 B - a +2 crystal plate armour (worn)
   (Okawaru gifted it to you on level 2 of the Orcish Mines)
 E - a +0 pair of gloves (worn)
   (You found it on level 12 of the Dungeon)
 O - a +2 pair of boots of running (worn)
   (You found it on level 7 of the Dungeon)
 T - a +2 helmet of see invisible (worn)
   (Okawaru gifted it to you on level 6 of the Lair of Beasts)
Jewellery
 k - an amulet of regeneration (around neck) {+regen, !d}
   (You found it on level 10 of the Dungeon)
 n - a ring of resist corrosion (right hand)
   (You found it on level 1 of the Lair of Beasts)
 D - the ring of Understanding (left hand) {MR+ Int+4 Slay+2}
   (You found it in a sewer)

   [ring of intelligence]

   It affects your intelligence (+4).
   It affects your accuracy and damage with ranged weapons and melee attacks
   (+2).
   It affects your resistance to hostile enchantments.
Wands
 b - a wand of paralysis (11)
   (You took it off a tengu conjurer on level 1 of the Depths)
 G - a wand of disintegration (9)
   (You found it on level 2 of the Lair of Beasts)
 R - a wand of polymorph (15)
   (You found it on level 7 of the Dungeon)
 U - a wand of digging (22)
   (You found it on level 13 of the Dungeon)
 W - a wand of enslavement (37)
   (You found it on level 10 of the Dungeon)
Scrolls
 d - 3 scrolls of magic mapping {!r}
 h - 16 scrolls of remove curse
 i - 2 scrolls of brand weapon
 m - 2 scrolls of fear
 p - a scroll of enchant weapon
 s - 5 scrolls of teleportation
 v - 6 scrolls of immolation {!r}
 J - a scroll of holy word {!r}
 K - 7 scrolls of fog
 L - 10 scrolls of identify
 M - 2 scrolls of enchant armour
 Q - a scroll of summoning {unknown}
 V - 6 scrolls of amnesia
Potions
 c - 4 potions of berserk rage {!q}
 e - 4 potions of lignification {!q}
 g - 15 potions of curing
 l - 5 potions of mutation {!q}
 o - a potion of haste
 r - 5 potions of resistance
 u - 4 potions of cancellation
 z - 4 potions of might
 C - 10 potions of agility
 F - 8 potions of brilliance
 H - a potion of heal wounds
 Z - 4 potions of ambrosia
Miscellaneous
 j - a phantom mirror
Comestibles
 f - 37 rations


   Skills:
 + Level 16.0 Fighting
   Level 12.3(14.4) Axes
 * Level 12.8(14.7) Polearms
 + Level 17.1 Armour
 + Level 12.5 Dodging
 - Level 15.0 Shields
 - Level 2.7 Spellcasting
 - Level 2.5 Summonings
 - Level 2.5 Air Magic
 - Level 11.7 Invocations


You had 20 spell levels left.
You knew the following spells:

 Your Spells              Type           Power        Failure   Level  Hunger
a - Summon Lightning Spi  Summ/Air       #.......     100%        4    #####..


Dungeon Overview and Level Annotations

Branches:
Dungeon (15/15)            Temple (1/1) D:4            Lair (6/6) D:8
 Shoals (4/4) Lair:4       Spider (4/4) Lair:4        Slime (0/5) Lair:5
    Orc (2/2) D:10            Elf (0/3) Orc:2        Vaults (0/5) D:13
 Depths (2/5) D:15

Altars:
Ashenzari
Cheibriados
Dithmenos
Elyvilon
Fedhas
Gozag
Hepliaklqana
Kikubaaqudgha
Makhleb
Nemelex Xobeh
Okawaru
Qazlal
Ru
Sif Muna
Trog
Uskayaw
Vehumet
Wu Jian
Xom
Yredelemnul
Zin
The Shining One
Beogh

Shops:
D:4 =   D:14 [   D:15 *   Orc:2 =!(:   Shoals:3 ?

Portals:
Hell: Depths:1
Trove: D:15 (give 23 scrolls of identify)

Annotations:
Depths:2 the Enchantress


Innate Abilities, Weirdness & Mutations

You are resistant to torment.
Your stone body is resilient. (AC +15)
You are immune to poison.
Your large and strong wings let you fly indefinitely.
You resist negative energy. (rN+)
You are resistant to electric shocks. (rElec)
You can survive without breathing.
You are immune to petrification.
You are immune to rotting.
You are clumsy. (Dex -2)
[You are very dopey. (Int -4)]
[You are very frail. (-20% HP)]
[Your magical capacity is very low. (-20% MP)]
[You sometimes yell uncontrollably at your foes.]
[You are sometimes teleported next to monsters.]
[Potions cannot restore your health.]
[You expend magic power (3 MP) to strengthen your wands.]


Message History

The ufetubus dies!
The raiju blinks!
The raiju pauses to sniff the ground.
The ufetubus disappears in a puff of smoke!
The ufetubus disappears in a puff of smoke! x2
Found a gateway leading deeper into the Abyss.
L - 10 scrolls of identify (gained 1)
A small abomination comes into view.
There is a gateway leading deeper into the Abyss here.
A wretched star comes into view.
The wretched star glows turbulently.
The orb of energy hits you!
The orb of energy explodes!
The mystic blast hits the small abomination.
The small abomination hits you but does no damage.
A large abomination comes into view.
The wretched star glows turbulently.
The orb of energy hits you!
You take 24 damage, and have 84/131 hp.
The small abomination hits you but does no damage.
The wretched star glows turbulently.
The orb of energy hits you!
You block the small abomination's attack.
You take 7 damage, and have 78/131 hp.
The wretched star pulses with an eldritch light!
You feel less energetic. x2
The small abomination barely misses you.
You now have 23/23 mp.
The small abomination hits you but does no damage.
You barely miss the small abomination. You puncture the small abomination!
You destroy the small abomination!
Okawaru accepts your kill.
The large abomination hits you but does no damage.
A chorus of shrieks assaults your mind.
A starcursed mass comes into view.
You take 5 damage, and have 76/131 hp.
You hit the large abomination.
You block the large abomination's attack.
You puncture the large abomination!
A starcursed mass splits.
You puncture the large abomination! The large abomination hits you.
You take 5 damage, and have 72/131 hp.
You hit the large abomination but do no damage.
A starcursed mass splits. x2
You puncture the large abomination!
A deafening chorus of shrieks assaults your mind!
The large abomination hits you but does no damage.
You take 7 damage, and have 65/131 hp.
You impale the large abomination!!
The wretched star pulses with an eldritch light!
You feel weirdly uncertain.
You feel even more weirdly uncertain.
The starcursed mass moves out of view.
Your crystal plate armour prevents you from hitting the large abomination.
The large abomination hits you but does no damage.
You completely miss the large abomination.
The wretched star pulses with an eldritch light!
You feel your magical essence link to your wands.
Your system partially rejects the healing effects of potions.
Your system mostly rejects the healing effects of potions.
A starcursed mass splits.
A deafening chorus of shrieks assaults your mind!
You puncture the large abomination!
You destroy the large abomination!
Okawaru accepts your kill. Something appears at your feet!
Okawaru grants you armour!
The wretched star glows turbulently.
The orb of energy misses you.
A starcursed mass splits.
You take 8 damage, and have 57/131 hp.
The wretched star glows turbulently.
The orb of energy hits you!
A starcursed mass splits. x2
A large abomination comes into view.
A deafening chorus of shrieks assaults your mind!
You suddenly lose the ability to move!
The wretched star pulses with an eldritch light!
Your system completely rejects the healing effects of potions.
You feel the urge to shout.
You feel a strong urge to yell.
A starcursed mass splits.
A cacophony of accursed wailing tears at your sanity!
* * * LOW HITPOINT WARNING * * *
You shrug off the repeated paralysis!
The starcursed mass engulfs you but does no damage.
You can move again.
You take 22 damage, and have 36/131 hp.
The wretched star glows turbulently.
The orb of energy hits you!
The orb of energy explodes!
A cacophony of accursed wailing tears at your sanity!
* * * LOW HITPOINT WARNING * * *
You yell at the large abomination!
A large abomination comes into view.
You take 8 damage, and have 28/131 hp.
A cacophony of accursed wailing tears at your sanity!
* * * LOW HITPOINT WARNING * * *
You suddenly lose the ability to move!
A wretched star comes into view.
You feel a strong urge to yell, but you are unable to make a sound!
The wretched star pulses with an eldritch light!
You feel frail. x2; You feel stupid. x2
A starcursed mass splits. x2
A cacophony of accursed wailing tears at your sanity!
You die...

. ...... # ..
.#......##.#
#.#######... . .#....
............... ....
................ ..
#.....#.....#.. ..# #
###...###...# #...
....#...................
.......@*...............
....#..X.X..X......... .
. ##..X..X............
##X#.X...........
#..X.XXXX.........
#....##.X....##.. .
.....X #......##....
..#..*............. .
.###........... . ....


You could see 12 starcursed masses, 2 wretched stars and 2 large abominations.

Vanquished Creatures
  Saint Roka (Orc:2)
  Nikola (Shoals:4)
  Arachne (Spider:4)
  The ghost of Terandir the Severer, an adept MiFi of Cheibriados (Shoals:4)
  A kraken (Shoals:3)
  4 tentacled starspawn (Abyss:2)
  Ilsuiw (Shoals:4)
  3 frost giants (Depths:1)
  3 ghost moths (Spider:4)
  9 emperor scorpions
  12 very ugly things (Depths:1)
  2 spriggan defenders (D:15)
  5 stone giants
  6 entropy weavers
  A spark wasp (Spider:4)
  Azrael (D:14)
  The ghost of Serooblart the Warrior, a journeyman MiBe of Trog (D:14)
  2 ettins (Depths:1)
  A minotaur (Lab)
  13 merfolk impalers
  6 merfolk javelineers
  5 fire dragons
  A great orb of eyes (Depths:1)
  A yaktaur captain (Depths:1)
  Harold (Orc:1)
  A rakshasa (Depths:1)
  A vault guard (D:13)
  An ice dragon (Spider:3)
  A spriggan air mage (Depths:2)
  4 catoblepae
  4 hydras
  5 centaur warriors
  6 merfolk avatars
  2 alligator snapping turtles
  5 merfolk aquamancers
  3 satyrs
  A queen ant (Lair:3)
  17 two-headed ogres
  10 death yaks (Lair:6)
  2 deep troll earth magi (Depths:1)
  3 tengu warriors (D:13)
  4 deep troll shamans
  A thrashing horror (Abyss:2)
  2 ogre magi (Orc:2)
  A vampire mage (Depths:1)
  A wretched star (Abyss:2)
  9 hell knights
  A glowing orange brain (Depths:1)
  17 sea snakes
  4 wizards
  A spatial maelstrom (Abyss:2)
  2 unseen horrors
  6 deep trolls
  A phantasmal warrior (Abyss:2)
  Pikel (D:6)
  17 harpies
  40 wolf spiders
  3 orc sorcerers
  A necromancer (Depths:1)
  3 orc knights
  A faun (Shoals:1)
  6 cyclopes
  An oklob plant (Lair:6)
  2 deep elf magi
  16 orb spiders
  27 ugly things
  A fire giant skeleton (Depths:1)
  18 manticores
  A moth of wrath (Spider:4)
  A guardian serpent (Abyss:2)
  12 merfolk sirens
  An orange demon (Abyss:2)
  A torpor snail (Spider:4)
  4 black mambas
  A frost giant skeleton (Depths:1)
  2 molten gargoyles (Volcano)
  3 smoke demons (Abyss:2)
  6 spiny frogs
  A spriggan zombie (Depths:1)
  A gargoyle (D:15)
  8 water nymphs
  2 kobold demonologists
  2 centaur skeletons
  4 rime drakes
  3 large abominations (Abyss:2)
  10 yaktaurs
  2 hellwings (Abyss:2)
  5 komodo dragons
  11 demonic crawlers
  An efreet (D:15)
  6 tengu conjurers
  5 hornets
  33 jumping spiders
  41 merfolk
  6 wind drakes
  A polar bear (Lair:6)
  16 trolls
  11 blink frogs
  A stone giant simulacrum (Depths:1)
  8 snapping turtles
  17 dream sheep
  6 hippogriffs
  24 slime creatures
  A spriggan (shapeshifter) (D:15)
  31 tarantellas
  Sigmund (D:6)
  A vampire (Abyss:2)
  A wraith (D:11)
  A spriggan (D:7)
  4 wyverns
  12 water elementals
  A yak (shapeshifter) (D:15)
  100 redbacks
  4 fire elementals (D:14)
  82 yaks
  4 basilisks
  2 fire bats (Volcano)
  18 humans (D:13)
  Eustachio (D:6)
  2 neqoxecs (Abyss:2)
  7 small abominations (Abyss:2)
  A chaos spawn (Abyss:2)
  A hungry ghost (D:7)
  4 vampire mosquitoes (D:15)
  4 wargs
  7 water moccasins
  An acid dragon (D:13)
  3 soldier ants
  5 hell hounds
  3 porcupines
  35 orc warriors
  2 ice beasts
  A sky beast (D:7)
  3 slaves (D:6)
  A black bear (shapeshifter) (Abyss:2)
  4 necrophages
  A black bear (D:8)
  3 phantoms
  38 ogres
  13 wolves
  4 eyes of draining
  5 crocodiles
  21 centaurs
  5 big kobolds
  15 bullfrogs
  A water moccasin zombie (D:7)
  5 scorpions
  11 killer bees
  9 howler monkeys
  2 electric eels (Spider:4)
  5 lava snakes
  11 crimson imps
  5 quasits
  2 bullfrog zombies
  2 jellies
  2 centaur zombies
  Crazy Yiuf (D:7)
  23 orc priests
  2 bullfrog skeletons
  A gnoll shaman (D:9)
  8 hounds
  15 orc wizards
  An iron imp (Abyss:2)
  5 iguanas
  23 worker ants
  3 hound skeletons
  A worker ant zombie (D:5)
  10 gnolls
  3 river rats (D:6)
  15 adders
  4 shadow imps
  A white imp (Abyss:2)
  An ooze (D:4)
  An adder skeleton (D:7)
  2 worms
  6 dart slugs
  6 leopard geckos
  123 orcs
  6 bats
  9 giant cockroaches
  10 goblins
  5 hobgoblins
  8 jackals
  26 kobolds
  4 quokkas
  6 ball pythons
  9 frilled lizards
  A leopard gecko skeleton (D:7)
  10 rats
  A fungus (D:7)
  4 plants
  3 starspawn tentacles (Abyss:2)
1458 creatures vanquished.

Vanquished Creatures (others)
  An orb spider (Spider:1)
  A water nymph (Shoals:4)
  2 jumping spiders
  A tarantella (Spider:1)
  2 redbacks
  A fire vortex (Lair:3)
  7 fungi
  A lurking horror (Abyss:2)
  15 plants
  24 starspawn tentacles (Abyss:2)
  11 tentacles (Shoals:3)
66 creatures vanquished.

Grand Total: 1524 creatures vanquished

Notes
Turn   | Place    | Note
-------+----------+-------------------------------------------
     0 | D:1      | shakethe the Gargoyle Fighter began the quest for the Orb.
     0 | D:1      | Reached XP level 1. HP: 14/14 MP: 1/1
    68 | D:1      | Reached skill level 2 in Axes
   174 | D:1      | Reached XP level 2. HP: 19/19 MP: 2/2
   585 | D:2      | Reached skill level 3 in Axes
   590 | D:2      | Reached XP level 3. HP: 23/23 MP: 3/3
   648 | D:2      | Noticed a scorpion
   672 | D:2      | Killed a scorpion
   672 | D:2      | Reached skill level 4 in Axes
   672 | D:2      | Reached XP level 4. HP: 9/28 MP: 4/4
   677 | D:2      | HP: 7/28 [hobgoblin/club (1)]
  1436 | D:2      | Reached XP level 5. HP: 28/32 MP: 5/5
  1467 | D:2      | Found a shattered altar of Ashenzari.
  2780 | D:3      | Found a hide-covered altar of Uskayaw.
  3026 | D:3      | HP: 8/32 [hound (2)]
  3034 | D:3      | Reached skill level 5 in Axes
  3295 | D:4      | Noticed an ogre
  3298 | D:4      | Killed an ogre
  3298 | D:4      | Reached XP level 6. HP: 18/37 MP: 6/6
  3555 | D:4      | Reached skill level 6 in Axes
  3608 | D:4      | Found Guges's Jewellery Boutique.
  3702 | D:4      | Reached XP level 7. HP: 41/41 MP: 7/7
  3854 | D:4      | Found a white marble altar of Elyvilon.
  4097 | D:4      | Found a staircase to the Ecumenical Temple.
  4121 | Temple   | Entered the Ecumenical Temple
  4149 | Temple   | Became a worshipper of Warmaster Okawaru
  4320 | D:5      | Entered Level 5 of the Dungeon
  4331 | D:5      | Reached skill level 7 in Axes
  4517 | D:5      | HP: 3/41 [ogre/giant club (13)]
  4847 | D:5      | Found a bloodstained altar of Trog.
  5188 | D:5      | Reached skill level 8 in Axes
  5925 | D:6      | Noticed Eustachio
  5939 | D:6      | Reached XP level 8. HP: 46/46 MP: 8/8
  5944 | D:6      | Killed Eustachio
  5987 | D:6      | Noticed Sigmund
  6027 | D:6      | Killed Sigmund
  6027 | D:6      | Reached * piety under Okawaru
  6027 | D:6      | Reached skill level 9 in Axes
  6124 | D:6      | Found a blossoming altar of Fedhas.
  6125 | D:6      | Found a radiant altar of Vehumet.
  6156 | D:6      | HP: 10/46 [orc warrior/halberd (21)]
  6236 | D:6      | Reached skill level 10 in Axes
  6292 | D:6      | Reached XP level 9. HP: 21/51 MP: 9/9
  6310 | D:6      | Reached ** piety under Okawaru
  6331 | D:6      | Found a glowing drain.
  6337 | Sewer    | Entered a sewer
  6568 | Sewer    | Got a translucent bronze ring
  6589 | D:6      | Identified the ring of Understanding {MR+ Int+4 Slay+2} (You found it in a sewer)
  6769 | D:6      | Found an opulent altar of Gozag.
  6951 | D:6      | Noticed Pikel
  6971 | D:6      | Killed Pikel
  6971 | D:6      | Reached skill level 11 in Axes
  7337 | D:7      | Reached *** piety under Okawaru
  7556 | D:7      | Reached skill level 12 in Axes
  7640 | D:7      | Noticed a two-headed ogre
  7640 | D:7      | Reached skill level 1 in Invocations
  7646 | D:7      | Noticed a kobold demonologist
  7657 | D:7      | Noticed an ice devil
  7659 | D:7      | Killed a two-headed ogre
  7659 | D:7      | Reached **** piety under Okawaru
  7659 | D:7      | Reached skill level 4 in Fighting
  7659 | D:7      | Reached skill level 4 in Armour
  7659 | D:7      | Reached skill level 1 in Dodging
  7659 | D:7      | Reached skill level 2 in Invocations
  7659 | D:7      | Reached XP level 10. HP: 25/57 MP: 8/11
  7682 | D:7      | Killed a kobold demonologist
  7682 | D:7      | Reached skill level 2 in Dodging
  7839 | D:7      | Found a snail-covered altar of Cheibriados.
  7840 | D:7      | Found a shimmering altar of Xom.
  7840 | D:7      | Found an iron altar of Okawaru.
  7840 | D:7      | Found a burning altar of Makhleb.
  7923 | D:7      | Noticed a brown ugly thing
  7944 | D:7      | Killed a brown ugly thing
  7944 | D:7      | Reached skill level 3 in Invocations
  7947 | D:7      | Reached ***** piety under Okawaru
  7971 | D:7      | Found the +8 lance "Wyrmbane" {slay drac, rPois rF+ rC+ AC+3}
  8089 | D:7      | Got a glittering brass ring
  8099 | D:7      | Got a scorched hand axe
  8100 | D:7      | Identified the cursed +1 hand axe "Niujuol" {venom, *Corrode rElec rC+++ SInv} (You found it on level 7 of the Dungeon)
  8113 | D:7      | Identified a +2 pair of boots of running (You found it on level 7 of the Dungeon)
  8568 | D:7      | Reached skill level 5 in Fighting
  8568 | D:7      | Reached skill level 5 in Armour
  8782 | D:7      | Reached skill level 1 in Polearms
  9165 | D:7      | Found a runed door.
  9169 | D:7      | Noticed Crazy Yiuf
  9173 | D:7      | Killed Crazy Yiuf
  9290 | D:8      | Found a staircase to the Lair.
  9341 | D:8      | Reached skill level 4 in Shields
  9397 | D:8      | Noticed a two-headed ogre
  9414 | D:8      | Killed a two-headed ogre
  9414 | D:8      | Received a gift from Okawaru
  9414 | D:8      | Reached skill level 2 in Polearms
  9414 | D:8      | Reached skill level 3 in Dodging
  9414 | D:8      | Reached skill level 4 in Invocations
  9414 | D:8      | Reached XP level 11. HP: 51/64 MP: 10/14
  9514 | D:8      | Reached skill level 5 in Shields
  9674 | D:8      | Reached skill level 3 in Polearms
  9693 | D:8      | Found a roughly hewn altar of Beogh.
 10007 | D:8      | Found a burning altar of Makhleb.
 10010 | D:8      | Found a shimmering altar of Xom.
 10122 | D:8      | Noticed a manticore
 10134 | D:8      | Killed a manticore
 10227 | D:8      | Found an ancient bone altar of Kikubaaqudgha.
 10590 | D:9      | Reached skill level 6 in Fighting
 10595 | D:9      | Reached skill level 6 in Armour
 10612 | D:9      | Received a gift from Okawaru
 10615 | D:9      | Reached skill level 4 in Polearms
 10704 | D:9      | Reached skill level 5 in Invocations
 10796 | D:9      | Reached skill level 4 in Dodging
 11407 | D:9      | Identified the cursed ring of Xin Yhal {rPois AC-3} (You found it on level 7 of the Dungeon)
 11421 | D:10     | Entered Level 10 of the Dungeon
 11662 | D:10     | Found a staircase to the Orcish Mines.
 11724 | D:10     | Reached skill level 6 in Shields
 12143 | D:10     | Reached skill level 5 in Polearms
 12422 | D:11     | Killed an unseen horror
 12422 | D:11     | Reached XP level 12. HP: 71/71 MP: 16/16
 12460 | D:11     | Noticed a two-headed ogre
 12464 | D:11     | Noticed a two-headed ogre
 12471 | D:11     | Killed a two-headed ogre
 12471 | D:11     | Reached skill level 7 in Fighting
 12482 | D:11     | Killed a two-headed ogre
 12482 | D:11     | Reached skill level 7 in Armour
 12489 | D:11     | Reached skill level 6 in Invocations
 12729 | D:11     | Reached skill level 6 in Polearms
 12832 | D:11     | Found a shadowy altar of Dithmenos.
 13304 | D:12     | Noticed a two-headed ogre
 13315 | D:12     | Killed a two-headed ogre
 13391 | D:12     | Found a flickering gateway to a bazaar.
 13403 | D:12     | Noticed a two-headed ogre
 13410 | D:12     | Killed a two-headed ogre
 13434 | Bazaar   | Entered a bazaar
 13454 | Bazaar   | Found Gaicoh's Distillery.
 13481 | Bazaar   | Found Mef Ippesh's Distillery.
 13481 | Bazaar   | Found Tufyaze's Gadget Shoppe.
 13535 | Bazaar   | Found Raekoll's Book Shoppe.
 13637 | Bazaar   | Bought a potion of berserk rage for 80 gold pieces
 13637 | Bazaar   | Bought a potion of heal wounds for 80 gold pieces
 13637 | Bazaar   | Bought a potion of cancellation for 128 gold pieces
 13662 | Bazaar   | Bought a potion of might for 36 gold pieces
 13662 | Bazaar   | Bought a potion of haste for 90 gold pieces
 13662 | Bazaar   | Bought a potion of resistance for 90 gold pieces
 13662 | Bazaar   | Bought a potion of haste for 90 gold pieces
 13662 | Bazaar   | Bought a potion of mutation for 72 gold pieces
 13666 | Bazaar   | Bought a potion of mutation for 72 gold pieces
 13817 | D:12     | Noticed a two-headed ogre
 13830 | D:12     | Killed a two-headed ogre
 13830 | D:12     | Received a gift from Okawaru
 13830 | D:12     | Reached skill level 5 in Dodging
 13830 | D:12     | Reached skill level 7 in Shields
 13833 | D:12     | Got a bloodstained hat {god gift}
 13844 | D:12     | Identified the +1 hat "Qudeida" {Dex+3} (Okawaru gifted it to you on level 12 of the Dungeon)
 13927 | D:12     | Found a glowing golden altar of the Shining One.
 14434 | D:13     | Noticed a tengu warrior
 14442 | D:13     | Killed a tengu warrior
 14464 | D:13     | Noticed a centaur warrior
 14492 | D:13     | Killed a centaur warrior
 14492 | D:13     | Reached skill level 7 in Polearms
 14561 | D:13     | Reached skill level 8 in Fighting
 14561 | D:13     | Reached skill level 7 in Invocations
 14686 | D:13     | Noticed a tengu warrior
 14688 | D:13     | Noticed a tengu warrior
 14696 | D:13     | Noticed a two-headed ogre
 14702 | D:13     | Killed a tengu warrior
 14706 | D:13     | Killed a two-headed ogre
 14706 | D:13     | Reached skill level 8 in Armour
 14706 | D:13     | Reached XP level 13. HP: 77/78 MP: 16/18
 14761 | D:13     | Paralysed by a wizard for 2 turns
 14786 | D:13     | Reached ****** piety under Okawaru
 14964 | D:13     | Reached skill level 8 in Shields
 14993 | D:13     | Found a gate to the Vaults.
 14993 | D:13     | Noticed a vault guard
 15001 | D:13     | Killed a vault guard
 15005 | D:13     | Received a gift from Okawaru
 15005 | D:13     | Reached skill level 8 in Polearms
 15325 | D:13     | Reached skill level 6 in Dodging
 16076 | D:13     | Reached skill level 8 in Invocations
 16298 | D:14     | Found a labyrinth entrance.
 16324 | D:14     | Reached skill level 9 in Fighting
 16351 | D:14     | Reached skill level 9 in Armour
 16399 | D:14     | Reached skill level 9 in Polearms
 16458 | D:14     | Gained mutation: Your large and strong wings let you fly indefinitely. [Gargoyle growth]
 16458 | D:14     | Reached XP level 14. HP: 86/86 MP: 18/20
 16524 | D:14     | Received a gift from Okawaru
 16620 | Lab      | Entered a labyrinth
 16952 | Lab      | Reached skill level 9 in Shields
 16986 | Lab      | Identified Yrewemp's Grimoire of Clay
 17379 | D:14     | Noticed Serooblart's ghost (journeyman MiBe)
 17714 | D:14     | Found Noolafod's Antique Armour Emporium.
 18071 | D:14     | Killed Serooblart's ghost
 18235 | D:14     | Noticed Azrael
 18261 | D:14     | Killed Azrael
 18391 | D:14     | Found a roughly hewn altar of Beogh.
 18451 | D:14     | Reached skill level 9 in Invocations
 18739 | D:15     | Entered Level 15 of the Dungeon
 18937 | D:15     | Reached skill level 7 in Dodging
 18961 | D:15     | Found Qeofyam's Elemental Accessories.
 19179 | D:15     | Reached skill level 10 in Fighting
 19324 | D:15     | Reached skill level 10 in Armour
 19496 | D:15     | Reached skill level 10 in Shields
 19508 | D:15     | Found a staircase to the Depths.
 19676 | D:15     | Identified a scroll of acquirement
 19679 | D:15     | Got a heavily runed steel amulet
 19686 | D:15     | Identified the amulet of Nakleul {+Rage rC+ Str+4} (You acquired it on level 15 of the Dungeon)
 19770 | D:15     | Found a sacrificial altar of Ru.
 19908 | D:15     | Found a portal to a secret trove of treasure.
 20197 | Depths:1 | Entered Level 1 of the Depths
 20197 | Depths:1 | Noticed a stone giant
 20197 | Depths:1 | Noticed a stone giant
 20208 | Depths:1 | Noticed a cyan very ugly thing
 20215 | Depths:1 | Killed a stone giant
 20216 | Depths:1 | Noticed a frost giant
 20217 | Depths:1 | HP: 17/88 [stone giant (22)]
 20431 | Lair:1   | Entered Level 1 of the Lair of Beasts
 20463 | Lair:1   | Received a gift from Okawaru
 22317 | Lair:3   | Got an ancient ring mail
 22337 | Lair:3   | Reached skill level 10 in Invocations
 22362 | Lair:3   | Reached XP level 15. HP: 88/93 MP: 22/22
 23100 | Lair:4   | Reached skill level 8 in Dodging
 23320 | Lair:4   | Found a hole to the Spider Nest.
 23386 | Lair:4   | Reached skill level 11 in Fighting
 23394 | Lair:4   | Found a staircase to the Shoals.
 24055 | Lair:5   | Found a sparkling altar of Nemelex Xobeh.
 24700 | Lair:5   | Found a staircase to the Slime Pits.
 24831 | Lair:6   | Entered Level 6 of the Lair of Beasts
 24837 | Lair:6   | Reached skill level 11 in Armour
 24957 | Lair:6   | Received a gift from Okawaru
 24999 | Lair:6   | Found a hide-covered altar of Uskayaw.
 25041 | Lair:6   | Identified the +2 ring mail of Edwuukog {+Blink +Inv MR+ Str+5} (You found it on level 3 of the Lair of Beasts)
 25163 | Lair:6   | Reached skill level 11 in Shields
 25373 | Lair:6   | HP: 17/95 [yak (10)]
 25773 | Lair:6   | Reached skill level 11 in Invocations
 25999 | Lair:6   | Received a gift from Okawaru
 26204 | Lair:6   | Reached XP level 16. HP: 101/101 MP: 24/24
 26832 | D:8      | Learned a level 4 spell: Summon Lightning Spire
 27069 | Orc:1    | Entered Level 1 of the Orcish Mines
 27069 | Orc:1    | Noticed Harold
 27077 | Orc:1    | Killed Harold
 27123 | Orc:1    | Found a shimmering altar of Xom.
 27359 | Orc:1    | Found a dark tunnel.
 27391 | Volcano  | Entered a volcano
 27462 | Volcano  | Found a burning altar of Makhleb.
 27508 | Volcano  | Reached skill level 1 in Spellcasting
 27535 | Volcano  | Reached skill level 9 in Dodging
 27940 | Orc:1    | Reached skill level 1 in Air Magic
 27951 | Orc:1    | Reached skill level 1 in Summonings
 28247 | Orc:2    | Entered Level 2 of the Orcish Mines
 28262 | Orc:2    | Noticed Saint Roka
 28521 | Orc:2    | HP: 19/101 [Saint Roka/divine providence (12)]
 28789 | Orc:2    | Killed Saint Roka
 28789 | Orc:2    | Reached skill level 12 in Fighting
 28937 | Orc:2    | Found a staircase to the Elven Halls.
 29053 | Orc:2    | Found Piehiegy's Jewellery Boutique.
 29053 | Orc:2    | Found Icaecy's Distillery.
 29132 | Orc:2    | Reached skill level 12 in Armour
 29132 | Orc:2    | Reached skill level 2 in Spellcasting
 29147 | Orc:2    | Reached skill level 2 in Air Magic
 29165 | Orc:2    | Reached skill level 2 in Summonings
 29603 | Orc:2    | Received a gift from Okawaru
 29603 | Orc:2    | Reached skill level 12 in Shields
 29729 | Orc:2    | Found Kesh's Antique Weapon Shoppe.
 29765 | Orc:2    | Found Etisaw's Book Shop.
 30195 | Shoals:1 | Entered Level 1 of the Shoals
 31433 | Shoals:1 | Reached XP level 17. HP: 108/108 MP: 25/25
 31638 | Shoals:2 | Reached skill level 13 in Armour
 31776 | Shoals:2 | HP: 15/108 [alligator snapping turtle (25)]
 31777 | Shoals:2 | HP: 7/108 [alligator snapping turtle (9)]
 31787 | Shoals:2 | HP: 20/108 [alligator snapping turtle (11)]
 33033 | Shoals:3 | Reached skill level 13 in Fighting
 33050 | Shoals:3 | Reached skill level 10 in Dodging
 33323 | Shoals:3 | Found Vuxoavei's Magic Scroll Emporium.
 33347 | Shoals:3 | Received a gift from Okawaru
 33352 | Shoals:3 | Got an ancient trident {god gift}
 33357 | Shoals:3 | Bought 3 scrolls of enchant armour for 427 gold pieces
 33357 | Shoals:3 | Bought a scroll of acquirement for 988 gold pieces
 33360 | Shoals:3 | Got a steaming large shield
 33363 | Shoals:3 | Identified the +0 large shield of Lucidity {-Tele rElec rF+} (You acquired it on level 3 of the Shoals)
 33541 | Shoals:3 | Reached skill level 13 in Shields
 33554 | Shoals:3 | Noticed a kraken
 33591 | Shoals:3 | Killed a kraken
 33669 | Shoals:3 | Reached skill level 14 in Armour
 33997 | Shoals:4 | Entered Level 4 of the Shoals
 33997 | Shoals:4 | Found the +8 mithril axe "Arga" {speed, MR+}
 34085 | Shoals:4 | Received a gift from Okawaru
 34169 | Shoals:4 | Got a barnacled rune of Zot
 34238 | Shoals:4 | Got a jewelled war axe
 34331 | Shoals:4 | Noticed Ilsuiw
 34473 | Shoals:4 | Killed Ilsuiw
 34478 | Shoals:4 | HP: 22/109 [barbs]
 34486 | Shoals:4 | HP: 15/163 [snapping turtle (12)]
 34494 | Shoals:4 | HP: 24/109 [satyr/uncursed spear (6)]
 34510 | Shoals:4 | HP: 21/109 [satyr/sling bullet (7)]
 34627 | Shoals:4 | Reached XP level 18. HP: 92/115 MP: 26/26
 35114 | Shoals:4 | Reached skill level 15 in Armour
 35522 | Shoals:4 | Noticed Nikola
 35556 | Shoals:4 | Killed Nikola
 35556 | Shoals:4 | Received a gift from Okawaru
 35705 | Shoals:4 | Noticed Terandir's ghost (adept MiFi)
 35776 | Shoals:4 | Killed Terandir's ghost
 36148 | Spider:1 | Entered Level 1 of the Spider Nest
 36197 | Spider:1 | Reached skill level 14 in Fighting
 36322 | Lair:4   | Reached skill level 14 in Shields
 36325 | Lair:4   | HP: 28/116 [wolf spider (3)]
 36958 | Spider:1 | HP: 25/116 [disintegration (19)]
 36960 | Spider:1 | HP: 6/116 [disintegration (20)]
 36965 | Lair:4   | HP: 8/174 [wolf spider (5)]
 36971 | Lair:4   | HP: 3/174 [wolf spider (14)]
 36990 | Lair:4   | HP: 8/116 [wolf spider (10)]
 37391 | Spider:1 | Reached skill level 11 in Dodging
 37493 | Spider:1 | Received a gift from Okawaru
 39225 | Spider:3 | Reached XP level 19. HP: 81/122 MP: 27/27
 39363 | Spider:3 | HP: 30/122 [disintegration (25)]
 40277 | Spider:4 | Entered Level 4 of the Spider Nest
 40299 | Spider:4 | Reached skill level 15 in Shields
 40379 | Spider:4 | Reached skill level 10 in Polearms
 40416 | Spider:4 | Reached skill level 16 in Armour
 40552 | Spider:4 | Noticed Arachne
 40584 | Spider:4 | Killed Arachne
 40584 | Spider:4 | Received a gift from Okawaru
 40607 | Spider:4 | Got a transparent broad axe {god gift}
 41140 | Spider:4 | Reached skill level 15 in Fighting
 41591 | Spider:4 | Received a gift from Okawaru
 41749 | Spider:4 | Reached skill level 11 in Polearms
 41874 | Spider:4 | Got a gossamer rune of Zot
 42186 | D:8      | Identified the +1 broad axe "Colayz" {speed, +Rage rPois} (Okawaru gifted it to you on level 4 of the Spider Nest)
 42539 | Depths:1 | HP: 26/124 [yaktaur captain/bolt (14)]
 42838 | D:15     | HP: 29/124 [deep troll (10)]
 43010 | D:15     | Reached skill level 12 in Dodging
 43186 | Depths:1 | Reached XP level 20. HP: 123/129 MP: 28/28
 43391 | Depths:1 | Found a gateway to Hell.
 43510 | Depths:1 | Received a gift from Okawaru
 43572 | Depths:1 | Reached skill level 12 in Polearms
 44268 | Depths:1 | Got a pair of transparent gloves
 44545 | Depths:1 | Identified the cursed +0 pair of gloves "Icucuheyqi" {-Tele rC+ Str+7 SInv} (You found it on level 1 of the Depths)
 44736 | Depths:2 | Reached skill level 17 in Armour
 44864 | Depths:2 | Noticed the Enchantress
 44901 | Depths:2 | Cast into level 2 of the Abyss (the Enchantress)
 45852 | Abyss:2  | Reached skill level 16 in Fighting
 45945 | Abyss:2  | Gained mutation: You are clumsy. (Dex -2) [a neqoxec]
 46031 | Abyss:2  | Received a gift from Okawaru
 46034 | Abyss:2  | Paralysed by accursed screaming for 1 turns
 46036 | Abyss:2  | HP: 27/131 [starcursed mass/accursed screaming (10)]
 46038 | Abyss:2  | Paralysed by accursed screaming for 2 turns
 46039 | Abyss:2  | Killed from afar by a starcursed mass

Skill      XL: |  1  2  3  4  5  6  7  8  9 10 11 12 13 14 15 16 17 18 19 20 |
---------------+-------------------------------------------------------------+-----
Axes           | 2 3 4 5 6 8 10 12 | 12.3
Invocations    | 2 4 5 7 8 10 11 | 11.7
Fighting       | 4 5 6 8 9 10 11 12 13 14 15 16 | 16.0
Armour         | 4 5 6 8 9 10 11 12 14 15 16 17 | 17.1
Dodging        | 1 3 4 5 6 7 8 9 10 11 12 | 12.5
Polearms       | 2 5 7 9 11 12 | 12.8
Shields        | 4 6 7 8 10 11 12 13 14 15 | 15.0
Spellcasting   | 2 |  2.7
Air Magic      | 2 |  2.5
Summonings     | 2 |  2.5

Action                   |  1- 3 |  4- 6 |  7- 9 | 10-12 | 13-15 | 16-18 | 19-21 || total
-------------------------+-------+-------+-------+-------+-------+-------+-------++-------
Melee: War axe           |    86 |   167 |       |    53 |       |       |       ||   306
       Hand axe          |       |    64 |   405 |    22 |       |       |       ||   491
       Lance             |       |       |       |   873 |  1965 |  2972 |  1967 ||  7777
Invok: Heroism           |       |       |     3 |    11 |    12 |    17 |    10 ||    53
       Finesse           |       |       |       |       |     5 |     6 |     2 ||    13
 Abil: Fly               |       |       |       |       |     1 |       |       ||     1
Evoke: Wand              |       |       |       |       |       |     1 |       ||     1
  Use: Potion            |       |     1 |     2 |       |     5 |    15 |     1 ||    24
       Scroll            |       |       |     8 |    15 |     6 |    13 |     6 ||    48
 Stab: Distracted        |       |       |       |       |     1 |       |     1 ||     2
       Petrified         |       |       |       |       |     3 |       |       ||     3
  Eat: Chunk             |       |     6 |     9 |    14 |    25 |    12 |       ||    66
       Ration            |       |     1 |     1 |     3 |     3 |     9 |     6 ||    23
Armor: Chain mail        |    60 |   119 |   164 |   346 |   209 |       |       ||   898
       Scale mail        |     7 |       |       |       |   482 |   128 |       ||   617
       Fire dragon scale |       |       |       |       |     5 |       |       ||     5
       Crystal plate arm |       |       |       |       |       |  2105 |  1708 ||  3813
       Skin              |       |       |       |       |       |    15 |       ||    15
Dodge: Dodged            |    30 |    72 |    93 |   282 |   617 |   911 |   704 ||  2709
Block: Shield            |    61 |   132 |   156 |    33 |       |       |       ||   382
       Buckler           |       |       |       |   122 |   314 |   873 |   772 ||  2081

Vault maps used:
D:1:      dpeg_arrival_shelter
D:2:      lemuel_upstairs_altar, ashenzari_altar_1
D:3:      lemuel_coloured_pillars_altar, first_ration
D:4:      elyvilon_altar_3, minmay_temple_entry_fiery, serial_shops, shop
D:5:      bloody_trog, grunt_ministairs_7
D:6:      grunt_gozag_breadcrumbs, grunt_temple_overflow_open,
          lightli_sewer_entry_pipes, uniq_eustachio, uniq_pikel, uniq_sigmund
D:7:      minmay_the_grid_octo_2x2, minmay_misc_feat_roman, the_bakery,
          uniq_crazy_yiuf_cottage
D:8:      grunt_temple_overflow_champion_of_chaos, lemuel_crystal_altar,
          minmay_lair_entry_lava, special_room
D:9:      interstate_on_off
D:10:     david_orc_1_choice
D:11:     grunt_dithmenos_shadows
D:12:     serial_shops, bzr_entry_road, tso_metal_star
D:13:     grunt_vaults_entry_tiered
D:14:     lab_entry_generic, special_room, minivault_19, serial_shops,
          nicolae_shop_window_shopping, uniq_azrael
D:15:     grunt_enter_depths_hoard, nicolae_ru_path_of_blood, enter_trove_3,
          nicolae_elemental_shop
Temple:   minmay_temple_bridge_abc
Lair:3:   st_stairs_12, minmay_another_anthill
Lair:4:   elwin_shoals_entry_stream, spider_nest_entry_rubble,
          grunt_megastairs_3
Lair:5:   dpeg_slime_entry_corner, basic_altar, grunt_megastairs_5
Lair:6:   evilmike_catoblepas_cave, small_statue_intersection,
          minmay_stone_trees_small, lemuel_oklob_altar
Shoals:1: nicolae_shoals_circle_sea_wall
Shoals:2: nicolae_shoals_siren_and_animal_friends
Shoals:3: serial_shops, nicolae_shop_stone, nicolae_shoals_stone_sculpture_thing
Shoals:4: shoals_end_simple, shoals_ilsuiw_alternative, uniq_nikola
Spider:3: nicolae_spider_mines_3, portal_ice_cave_entry_dragon,
          nicolae_spider_webbed_stairs
Spider:4: grunt_spider_rune_circles, uniq_arachne
Orc:1:    nicolae_volcano_entry_hallway, basic_altar, uniq_harold
Orc:2:    st_orc_open, uniq_saint_roka
Depths:1: minmay_chopped_fan, hell_entry, nicolae_water_bricks, kennysheep_dice,
          serial_bayou_shore_a
Depths:2: grunt_twisty_corner, hellmouth_3, serial_bayou_lagoon_a, st_stairs_1,
          uniq_enchantress
Lab:      nicolae_lab_dead_adventurers, nicolae_lab_stuck
Bazaar:   bazaar_long_row
Sewer:    sewer_frog_island_01
Volcano:  volcano_lake

Table legend:
 A = Turns spent in this place as a percentage of turns spent in the entire game.
 B = Non-inter-level travel turns spent in this place as a percentage of non-inter-level travel turns spent in the entire game.
 C = Inter-level travel turns spent in this place as a percentage of turns spent in this place.
 D = Turns resting spent in this place as a percentage of non-inter-level travel turns spent in this place.
 E = Turns spent auto-exploring this place as a percentage of non-inter-level travel turns spent in this place.
 F = Non-inter-level travel turns spent in this place divided by the number of levels of this place that you've seen.
                   A       B       C       D       E      F
               +-------+-------+-------+-------+-------+----------------------
         Total | 100.0 | 100.0 |   4.5 |   8.6 |  41.0 | 1127.2
       Dungeon |  45.4 |  44.7 |   5.9 |  11.5 |  44.8 | 1310.7
        Temple |   0.1 |   0.1 |   0.0 |   0.0 |  22.4 |  58.0
          Lair |  16.3 |  15.6 |   8.6 |   6.3 |  59.3 | 1143.8
        Shoals |  12.2 |  12.6 |   1.2 |   8.1 |  37.9 | 1386.2
   Spider Nest |  10.9 |  11.1 |   2.5 |   6.3 |  27.5 | 1221.0
  Orcish Mines |   5.1 |   5.3 |   0.5 |  10.3 |  32.8 | 1159.0
        Depths |   4.3 |   4.5 |   0.0 |   0.0 |  30.7 | 998.5
         Abyss |   2.5 |   2.6 |   0.0 |   4.2 |   6.4 | 1138.0
     Labyrinth |   0.8 |   0.9 |   0.0 |   0.0 |   0.0 | 378.0
        Bazaar |   0.7 |   0.8 |   0.0 |   0.0 |   5.9 | 337.0
         Sewer |   0.5 |   0.6 |   0.0 |   8.0 |   6.4 | 250.0
       Volcano |   1.2 |   1.2 |   0.0 |   0.0 |  36.3 | 534.0
               +-------+-------+-------+-------+-------+----------------------

Table legend:
 A = Kills in this place as a percentage of kills in entire the game.
 B = Kills by you in this place as a percentage of kills by you in the entire game.
 C = Kills by friends in this place as a percentage of kills by friends in the entire game.
 D = Other kills in this place as a percentage of other kills in the entire game.
 E = Experience gained in this place as a percentage of experience gained in the entire game.
 F = Experience gained in this place divided by the number of levels of this place that you have seen.
                   A       B       C       D       E      F
               +-------+-------+-------+-------+-------+----------------------
         Total | 100.0 | 100.0 |   N/A | 100.0 | 100.0 | 12002.3
       Dungeon |  38.8 |  38.8 |   N/A |   0.0 |  18.7 | 5821.1
          Lair |  13.9 |  14.0 |   N/A |   0.0 |  12.3 | 9599.0
        Shoals |  12.0 |  12.0 |   N/A |   0.0 |  22.2 | 25942.5
   Spider Nest |  17.0 |  16.9 |   N/A | 100.0 |  22.1 | 25825.8
  Orcish Mines |   7.9 |   7.9 |   N/A |   0.0 |   6.2 | 14527.0
        Depths |   5.6 |   5.6 |   N/A |   0.0 |  13.8 | 32321.0
         Abyss |   2.5 |   2.5 |   N/A |   0.0 |   3.7 | 17526.0
     Labyrinth |   0.1 |   0.1 |   N/A |   0.0 |   0.2 | 1131.0
         Sewer |   1.3 |   1.3 |   N/A |   0.0 |   0.0 | 127.0
       Volcano |   1.0 |   1.0 |   N/A |   0.0 |   0.8 | 3624.0
               +-------+-------+-------+-------+-------+----------------------
